 Dungeon Crawl Stone Soup version 0.31-a0-466-g98c9adc2b6 (webtiles) character file.

Game seed: 14921447189445865660

37 LeprechaunX the Ruffian (level 3, 0/24 HPs)
             Began as an Octopode Shapeshifter on Aug 6, 2023.
             Slain by Terence
             ... wielding a +0 hand axe
              (8 damage)
             ... on level 3 of the Dungeon.
             The game lasted 00:00:58 (1147 turns).

LeprechaunX the Ruffian (Octopode Shapeshifter)     Turns: 1147, Time: 00:00:59

Health: 0/24       AC:  1    Str: 16    XL:     3   Next: 39%
Magic:  3/3        EV: 13    Int: 10    God:
Gold:   135        SH:  0    Dex: 12    Spells: 2/2 levels left

rFire   . .          .
                       - Unarmed
rCold   . . .        (no shield)
rNeg    . . .        (helmet currently unavailable)
rPois   .            (no amulet)
rElec   .            g - ring of resist corrosion
rCorr   +            (no ring)
SInv    .            (no ring)
Will    .....        (no ring)
Stlth   ++           (no ring)
HPRegen 0.24/turn    (no ring)
MPRegen 0.08/turn    (no ring)
                     (no ring)

%: no passive effects
@: beast-form
A: beast (slay +2), almost no armour, amphibious, 8 rings, camouflage 1,
gelatinous body 1, (nimble swimmer 1), tentacles
a: Begin Untransformation


You were on level 3 of the Dungeon.
You were a hulking beast.
You visited 1 branch of the dungeon, and saw 3 of its levels.

You collected 135 gold pieces.

Inventory:

Missiles
 m - 3 javelins
Jewellery
 g - a ring of resist corrosion (left tentacle)
Talismans
 b - a beast talisman (active)
Scrolls
 d - 2 scrolls of noise {unknown}
 e - a scroll of revelation {unknown}
 f - a scroll of identify {unknown}
 h - a scroll of enchant armour {unknown}
 j - 2 scrolls of fog {unknown}
 k - a scroll of immolation {unknown}
Potions
 a - a potion of lignification
 c - 2 potions of cancellation {unknown}
 i - a potion of enlightenment {unknown}
 l - a potion of might {unknown}


   Skills:
 + Level 1.7 Fighting
 + Level 2.4 Dodging
 + Level 3.3 Unarmed Combat
 + Level 3.2 Shapeshifting


You had 2 spell levels left.
You didn't know any spells.
Your spell library contained the following spells:

 Spells                   Type           Power      Damage    Failure   Level
 Sting                    Tmut/Pois      0%         1d3       36%         1
 Blink                    Tloc           0%         N/A       50%         2
 Poisonous Vapours        Pois/Air       0%         N/A       50%         2
 Manifold Assault         Tloc           0%         N/A       98%         4
 Olgreb's Toxic Radiance  Pois           0%         N/A       98%         4


Dungeon Overview and Level Annotations

Branches:
Dungeon (3/15)

Altars:

Shops:
D:2 (

Annotations:
D:3 Terence


Innate Abilities, Weirdness & Mutations

You are a hulking beast.
Your limbs bulge with bestial killing power. (Slay +2)
You cannot wear most types of armour.
You are amphibious.
You can wear up to eight rings at the same time.
Your skin changes colour to match your surroundings (Stealth+).
Your rubbery body absorbs attacks. (AC +1, EV +1)
((You are camouflaged when in or above water. (Stealth+)))
You have tentacles for arms and can constrict up to eight enemies at once.


Message History

No target in view!
No target in view!
No target in view!
No target in view!
No target in view!
You now have 126 gold pieces (gained 17).
Found a trident.
You now have 135 gold pieces (gained 9).
Terence the Incautious comes into view.
He is wielding a +0 hand axe.
Terence is nearby!
A kobold comes into view.
It is wielding a +0 short sword of venom.
The helpless Terence fails to defend himself.
You tentacle-slap Terence but do no damage.
Your grab misses Terence. Terence hits you with a +0 hand axe!
You tentacle-slap Terence. You grab Terence.
Terence is lightly wounded.
You constrict Terence, but do no damage.
Terence hits you with a +0 hand axe!
You are too injured to fight recklessly!
You are too injured to fight recklessly!
You are too injured to fight recklessly!
You are too injured to fight recklessly!
You are too injured to fight recklessly!
You are too injured to fight recklessly!
You are too injured to fight recklessly!
You are too injured to fight recklessly!
You are too injured to fight recklessly!
You are too injured to fight recklessly!
You are too injured to fight recklessly!
You are too injured to fight recklessly!
You are too injured to fight recklessly!
You are too injured to fight recklessly!
You are too injured to fight recklessly!
You are too injured to fight recklessly!
Unknown command.
You bludgeon Terence!
Terence is heavily wounded.
You constrict Terence, but do no damage.
Terence hits you with a +0 hand axe!
You die...

#... ...#
#... #...#
#... #.K.##
#.@.##
#.h.##
##...##
##...##
##.?.#
#...## .#
##..?# .#
#...###.#..
##...##.#)#
#...#..#.#


You could see Terence and a kobold.

Vanquished Creatures
  An adder (D:2)
  A worm (D:2)
  An endoplasm (D:2)
  3 giant cockroaches
  A goblin (D:1)
  A hobgoblin (D:2)
  4 jackals (D:2)
  2 kobolds
  3 ball pythons
  4 bats
  2 frilled lizards
  A rat (D:2)
24 creatures vanquished.

Notes
Turn   | Place    | Note
-------+----------+-------------------------------------------
     0 | D:1      | LeprechaunX the Octopode Shapeshifter began the quest for
                  | the Orb.
     0 | D:1      | Reached XP level 1. HP: 13/13 MP: 1/1
   521 | D:1      | Reached XP level 2. HP: 18/18 MP: 2/2
   698 | D:2      | Reached XP level 3. HP: 14/23 MP: 3/3
   808 | D:2      | Found Jyehev's Antique Weapon Shop.
  1138 | D:3      | Noticed Terence
  1147 | D:3      | Slain by Terence

Illustrated notes

Levels and vault maps discovered:
D:1:      minmay_arrival_four_circles, layout_basic
D:2:      layout_rooms, serial_shops, shop
D:3:      kb_forest_paths, layout_rooms, minitemple, serial_curves,
          eino_curves_01, eino_curves_01, uniq_terence

Action                     || total
---------------------------++-------
  Melee: Unarmed           ||    46
         Constrict         ||    11
         Tentacles         ||     5
         Punch             ||     1
   Stab: Sleeping          ||     8
 Armour: Skin              ||     2
  Dodge: Dodged            ||    32

Table legend: (Time is in decaauts)
 A = Elapsed time spent in this place.
 B = Non-inter-level travel time spent in this place.
 C = Inter-level travel time spent in this place.
 D = Time resting spent in this place.
 E = Time spent auto-exploring this place.
 F = Levels seen in this place.
 G = Mean time per level.
                   A        B        C        D        E       F      G
               +--------+--------+--------+--------+--------+-----+--------+
         Total |   1143 |   1114 |     29 |      0 |    969 |   3 |  381.0 |
       Dungeon |   1143 |   1114 |     29 |      0 |    969 |   3 |  381.0 |
               +--------+--------+--------+--------+--------+-----+--------+

Top non-repeatable levels by time:
     D:1: 649 daAuts
     D:2: 462 daAuts
     D:3: 31 daAuts
